[Event "*** SCC Grand Prix: Titled Tuesday Blitz"]
[Site "Chess.com"]
[Date "2020.06.23"]
[Round "7"]
[White "CroissantNeuf"]
[Black "MatyChess1"]
[Result "0-1"]
[WhiteElo "2379"]
[BlackElo "2545"]
[TimeControl "180+1"]
[EndTime "11:17:14 PDT"]
[Termination "MatyChess1 won on time"]

1. e4 c5 2. Nf3 Nc6 3. Bb5 g6 4. Bxc6 dxc6 5. d3 Bg7 6. h3 Nf6 7. Nc3 Nd7 8. Be3 e5 9. Qd2 h6 10.
O-O b6 11. Ne2 Nf8 12. b4 cxb4 13. Qxb4 c5 14. Qd2 Ne6 15. a4 Nd4 16. Bxd4 cxd4 17. a5 O-O 18. Rfb1 bxa5 19. Qxa5 Qf6 20. Rb5 Re8 21. Qc7 Bxh3 22. Nxe5 Rac8 23. Qxa7 Rxc2 24. Ra2 Rxa2 25. Qxa2 Rxe5 26. Rxe5 Qxe5 27. gxh3 Qh5 28. Kg2 Qg5+ 29. Ng3 h5 30. Kh2 Qf4 31. Qe2 h4 0-1

[Event "*** SCC Grand Prix: Titled Tuesday Blitz"]
[Site "Chess.com"]
[Date "2020.06.23"]
[Round "7"]
[White "talaicito"]
[Black "manmanlai1"]
[Result "0-1"]
[WhiteElo "2122"]
[BlackElo "2428"]
[TimeControl "180+1"]
[EndTime "11:17:14 PDT"]
[Termination "manmanlai1 won by resignation"]

1. d4 d5 2. Bf4 c5 3. e3 Nc6 4. Nc3 a6 5. Nf3 Bg4 6. Be2 e6 7. O-O Nf6 8. Ne5 Bxe2 9. Nxe2 cxd4 10. exd4 Be7 11. c3 O-O 12. Re1 Nd7 13. Ng3 Ndxe5 14. dxe5 Qb6 15. Qg4 g6 16. Nh5 Qd8 17. Bh6 Re8 18.
Re3 Rc8 19. Ng7 Rf8 20. Rd1 Qd7 21. Nh5 Rfd8 22. Nf6+ Bxf6 23. exf6 e5 24. Qh4 Qf5 25. Bg5 h5 26. h3 d4 27. Rf3 Qc2 28. Rc1 Qe2 29.
Rf1 dxc3 30. Be3 Rd1 31. Rxd1 Qxd1+ 32. Kh2 cxb2 33. Qg5 Qd6 34. Qxg6+ fxg6 35. f7+ Kh7 36. f8=Q Rxf8 37. Rxf8 Qxf8 0-1

[Event "*** SCC Grand Prix: Titled Tuesday Blitz"]
[Site "Chess.com"]
[Date "2020.06.23"]
[Round "7"]
[White "peixe64"]
[Black "mshuaau0"]
[Result "1-0"]
[WhiteElo "2357"]
[BlackElo "2195"]
[TimeControl "180+1"]
[EndTime "11:17:14 PDT"]
[Termination "peixe64 won by checkmate"]

1. d4 d5 2. c4 e6 3. Nc3 Nf6 4. Nf3 Be7 5. e3 O-O 6. Qc2 Nbd7 7. b3 c5 8. Bb2 b6 9. Be2 Bb7 10. O-O Rc8 11. Rad1 Qc7 12. dxc5 Nxc5 13. cxd5 Nce4 14. Rc1 Nxd5 15. Qxe4 Nxc3 16. Qg4 Nxe2+ 17. Kh1 Nc3 18.
Rxc3 Qxc3 19. Bxc3 Rxc3 20. Nd4 Bf6 21. h4 Rfc8 22.
Kh2 Rd3 23. Rd1 Rdc3 24. Nf3 Rc2 25. Rd7 Bd5 26. e4 Bc6 27. e5 Bxd7 28. exf6 g6 29.
Qg5 Kh8 30. Qh6 Rg8 31. Ng5 Rg7 32. Qxg7# 1-0

[Event "*** SCC Grand Prix: Titled Tuesday Blitz"]
[Site "Chess.com"]
[Date "2020.06.23"]
[Round "7"]
[White "1977Ivan"]
[Black "Nathan_Filgueiras"]
[Result "1-0"]
[WhiteElo "2651"]
[BlackElo "2412"]
[TimeControl "180+1"]
[EndTime "11:17:16 PDT"]
[Termination "1977Ivan won on time"]

1. e4 c5 2. Nf3 Nc6 3. b4 Nxb4 4.
c3 Nc6 5. d4 cxd4 6. cxd4 d6 7.
d5 Ne5 8. Nxe5 dxe5 9. Nd2 g6 10. Bb2 Bg7 11. f4 e6 12. Bb5+ Bd7 13. dxe6 fxe6 14. Qb3 Bxb5 15. Qxb5+ Qd7 16. Qxd7+ Kxd7 17. O-O-O Rc8+ 18.
Kb1 Ke7 19. fxe5 Nh6 20. Nf3 Nf7 21. Ba3+ Ke8 22. Nd4 Nd8 23. Bd6 Nc6 24. Nxe6 Bxe5 25. Bxe5 Nxe5 26. Rd5 Nd7 27. Rhd1 Nb6 28. Rd8+ Rxd8 29.
Rxd8+ Ke7 30. Rxh8 1-0

[Event "*** SCC Grand Prix: Titled Tuesday Blitz"]
[Site "Chess.com"]
[Date "2020.06.23"]
[Round "7"]
[White "Kaua18"]
[Black "Yuri202062"]
[Result "0-1"]
[WhiteElo "2224"]
[BlackElo "2410"]
[TimeControl "180+1"]
[EndTime "11:17:16 PDT"]
[Termination "Yuri202062 won on time"]

1. e4 c5 2. Nf3 e6 3. d4 cxd4 4.
Nxd4 a6 5. Bd3 Nf6 6. O-O d6 7. Qe2 Nbd7 8. Kh1 g6 9. f4 Bg7 10. c4 O-O 11. Nc3 Qc7 12. Bd2 b6 13. Rae1 Bb7 14. b3 Rac8 15. f5 exf5 16. exf5 Rce8 17.
Qf2 Ng4 18. Qg1 Qc5 19. Nce2 d5 20. h3 Nge5 21. Bb1 dxc4 22. bxc4 Nxc4 23. Bc1 Nf6 24. fxg6 hxg6 25. Nb3 Qxg1+ 26. Kxg1 Nd5 27. Ned4 Nde3 28. Rf2 a5 29. a4 Nd5 30. Bd3 Rxe1+ 0-1

[Event "*** SCC Grand Prix: Titled Tuesday Blitz"]
[Site "Chess.com"]
[Date "2020.06.23"]
[Round "7"]
[White "Angel_Hranitel_37"]
[Black "ExtremeLearner"]
[Result "0-1"]
[WhiteElo "2418"]
[BlackElo "2221"]
[TimeControl "180+1"]
[EndTime "11:17:17 PDT"]
[Termination "ExtremeLearner won by checkmate"]

1. d4 Nf6 2. Nf3 g6 3. g3 Bg7 4.
Bg2 O-O 5. O-O d6 6. Nc3 a6 7. a4 Nc6 8. e4 e5 9. h3 Re8 10. Be3 Bd7 11. Qd2 Qc8 12. Kh2 exd4 13. Nxd4 Ne5 14. b3 c5 15. Nde2 Bxh3 16. Bxh3 Nf3+ 17. Kg2 Nxd2 18. Bxc8 Nxf1 19. Rxf1 Raxc8 20. f3 d5 21. Bg5 dxe4 22. Bxf6 Bxf6 23. fxe4 Bxc3 24. Nxc3 Rcd8 25. Nd5 Kg7 26. Rf4 f5 27. c4 Rxe4 28. Rxe4 fxe4 29.
Kf2 Rf8+ 30. Ke3 Rf3+ 31. Kxe4 Rxg3 32. Nc7 Kf6 33. Kd5 b6 34. Kc6 Rxb3 35. Nd5+ Ke5 36.
Nxb6 Kd4 37. a5 Ra3 38. Nd7 Rxa5 39. Nf6 Ra4 40. Nxh7 Rxc4 41. Ng5 Rc1 42. Nf3+ Ke3 43. Ne5 c4 44. Nxg6 c3 45. Ne5 c2 46. Kb6 Rb1+ 47.
Ka7 c1=Q 48. Nc6 Qc5+ 49. Ka8 Qxc6+ 50. Ka7 Qb7# 0-1

[Event "*** SCC Grand Prix: Titled Tuesday Blitz"]
[Site "Chess.com"]
[Date "2020.06.23"]
[Round "7"]
[White "Hikaru"]
[Black "VMikhalevski"]
[Result "1-0"]
[WhiteElo "3214"]
[BlackElo "2806"]
[TimeControl "180+1"]
[EndTime "11:17:18 PDT"]
[Termination "Hikaru won on time"]

1. Nf3 Nf6 2. b3 g6 3. Bb2 Bg7 4. d4 d5 5. e3 O-O 6. c4 c6 7. Bd3 Bg4 8. Nbd2 Nbd7 9. O-O e6 10. Qc2 Bxf3 11. Nxf3 Rc8 12. Rfd1 Qc7 13. Rac1 Qb8 14.
a4 Rfe8 15. h3 Nh5 16. Be2 f5 17. b4 Nhf6 18. Qb3 Nb6 19. Ne5 Red8 20. b5 Qa8 21.
Ba3 Re8 22. f3 Nfd7 23. bxc6 bxc6 24. c5 Nxe5 25. cxb6 axb6 26. dxe5 Bxe5 27. Bb2 Bxb2 28. Qxb2 Qxa4 29. Qxb6 Qa3 30. Qc5 Qb2 31. Bf1 Qe5 32. Rc3 Rc7 33. f4 Qf6 34. Rb1 Rec8 35. Qd4 Qe7 36. Rc5 Qd6 37. Rbc1 Kf7 38. Qc3 Qd7 39. Bb5 Qd6 40. Bxc6 Qe7 41. Be8+ 1-0

[Event "*** SCC Grand Prix: Titled Tuesday Blitz"]
[Site "Chess.com"]
[Date "2020.06.23"]
[Round "7"]
[White "ZverevLev"]
[Black "Stronger1799"]
[Result "1-0"]
[WhiteElo "2360"]
[BlackElo "2473"]
[TimeControl "180+1"]
[EndTime "11:17:18 PDT"]
[Termination "ZverevLev won by checkmate"]

1. e4 c5 2. Nf3 e6 3. d4 cxd4 4.
Nxd4 Nf6 5. Nc3 d6 6. g4 h6 7. g5 hxg5 8. Bxg5 Nc6 9. Qd2 Qa5 10. Nb3 Qc7 11. O-O-O a6 12. f4 b5 13. e5 dxe5 14. fxe5 Nxe5 15. Bg2 Bb7 16. Bxb7 Qxb7 17. Rhf1 Be7 18.
Qe2 Nc4 19. Bxf6 Bxf6 20. Ne4 Bxb2+ 21. Kb1 Be5 22. Nec5 Qc7 23. Rd7 Rxh2 24. Qf3 Na3+ 25. Kc1 Qxd7 26. Nxd7 Rc8 27. Qxf7+ Kd8 28. Nxe5 Nxc2 29.
Qd7# 1-0

[Event "*** SCC Grand Prix: Titled Tuesday Blitz"]
[Site "Chess.com"]
[Date "2020.06.23"]
[Round "7"]
[White "Stormeman100100"]
[Black "AndrewDGreen"]
[Result "1-0"]
[WhiteElo "2470"]
[BlackElo "2297"]
[TimeControl "180+1"]
[EndTime "11:17:19 PDT"]
[Termination "Stormeman100100 won on time"]

1. Nf3 c5 2. e4 g6 3. d4 cxd4 4. Nxd4 Nc6 5. c4 Nf6 6. Be3 Nxe4 7. Nd2 Nxd2 8. Qxd2 Bg7 9. Be2 O-O 10. O-O d6 11. Rfd1 Nxd4 12. Bxd4 Bxd4 13. Qxd4 Qa5 14. Qh4 f6 15. Bf3 Rb8 16. Re1 e5 17. Red1 Qc7 18.
Rd2 Be6 19. Rad1 Qxc4 20. Qxc4 Bxc4 21. Rxd6 Bxa2 22. Ra1 Bc4 23. Rxa7 e4 24. Bxe4 Rfe8 25. f3 f5 26. Bxb7 Re1+ 27. Kf2 Re2+ 28. Kg3 Rxb2 29. Rd7 g5 30. Bd5+ Bxd5 31. Rxd5 f4+ 32. Kh3 h6 33. Rdd7 R2b6 34. Rg7+ Kf8 35. Rh7 Kg8 36. Rag7+ Kf8 37. Kg4 1-0

[Event "*** SCC Grand Prix: Titled Tuesday Blitz"]
[Site "Chess.com"]
[Date "2020.06.23"]
[Round "7"]
[White "gumimis"]
[Black "ElusiveCat"]
[Result "1-0"]
[WhiteElo "2165"]
[BlackElo "2329"]
[TimeControl "180+1"]
[EndTime "11:17:19 PDT"]
[Termination "gumimis won by resignation"]

1. e4 Nf6 2. e5 Nd5 3. Nc3 Nb6 4. d4 d6 5. f4 dxe5 6. fxe5 Nc6 7. Bb5 a6 8. Bxc6+ bxc6 9. Be3 Bf5 10. Qe2 e6 11. a3 Be7 12. Nf3 O-O 13. O-O Nd5 14. Nxd5 cxd5 15. c4 dxc4 16. Qxc4 a5 17. Rac1 Rb8 18. Rf2 Rb7 19. Qc6 Qb8 20. d5 exd5 21.
Nd4 Be4 22. e6 f5 23. Bf4 Rxb2 24. Bxc7 Qb7 25. Bxa5 Rxf2 26. Qxb7 Rxg2+ 27. Kf1 Bh4 28. Be1 Bg5 29. Rc8 Rxh2 30. Qf7+ 1-0

[Event "*** SCC Grand Prix: Titled Tuesday Blitz"]
[Site "Chess.com"]
[Date "2020.06.23"]
[Round "7"]
[White "Parhamov"]
[Black "Shield12"]
[Result "1-0"]
[WhiteElo "3068"]
[BlackElo "2838"]
[TimeControl "180+1"]
[EndTime "11:17:21 PDT"]
[Termination "Parhamov won on time"]

1. e4 c5 2. Nc3 Nc6 3. f4 e6 4. Bb5 Nd4 5. Nf3 Nxb5 6. Nxb5 a6 7. Nc3 b5 8. O-O Bb7 9. d3 d6 10. Qe1 Nf6 11. f5 Be7 12. Qg3 g6 13. fxe6 fxe6 14. Bh6 Qd7 15. e5 Nh5 16. Qg4 O-O-O 17. exd6 Bxd6 18. Rae1 Nf6 19. Qxe6 Ng4 20. Qxd7+ Kxd7 21.
Bg5 Rde8 22. h3 Bxf3 23. gxf3 Ne5 24. Kg2 Rhf8 25. Ne4 Re6 26. Bh6 Rf5 27. Ng3 Rf7 28. Be3 c4 29. d4 Bb4 30. c3 Nd3 31. cxb4 Nxe1+ 32. Rxe1 Kc6 33. Ne4 Rfe7 34. Kf2 Re8 35. Rg1 Rf8 36. Ke2 Rf5 37. Rg3 Re7 38. Kd2 Re6 39.
Nc3 Re7 40. d5+ Kd7 41. f4 Re8 42. Rg5 Rxg5 43. fxg5 Rf8 44. Ke2 Rf5 45. h4 Re5 46. Kf3 Rf5+ 47. Bf4 Ke7 48. a3 Ke8 49. Ne4 Kd7 50.
Nf6+ Ke7 51. d6+ Kd8 52. Ke4 h5 53. gxh6 Rxf6 54. Bg5 1-0

[Event "*** SCC Grand Prix: Titled Tuesday Blitz"]
[Site "Chess.com"]
[Date "2020.06.23"]
[Round "7"]
[White "arvielozano"]
[Black "HrvojeZagreb"]
[Result "1-0"]
[WhiteElo "1914"]
[BlackElo "2112"]
[TimeControl "180+1"]
[EndTime "11:17:21 PDT"]
[Termination "arvielozano won by resignation"]

1. Nf3 f5 2. g3 Nf6 3. Bg2 d6 4. d3 e5 5. c3 Be7 6. Nbd2 O-O 7. Ng5 h6 8. Qb3+ d5 9. Ngf3 c5 10. e4 fxe4 11. dxe4 Nc6 12. exd5 Na5 13. Qa4 Bd7 14. Qc2 e4 15. Nxe4 Nxe4 16. Qxe4 Re8 17.
O-O Bf6 18. Qg6 Bb5 19. Rd1 Be2 20. Re1 Qxd5 21. Bxh6 Qf7 22. Qxf7+ Kxf7 23. Be3 Bc4 24. Bxc5 Rxe1+ 25. Rxe1 Bxa2 26. Ra1 Nb3 27. Rxa2 Nxc5 28.
h4 a6 29. Nd4 Rd8 30. b4 Bxd4 31. cxd4 Nd3 32. Bxb7 Rxd4 33. Rd2 Rd7 34. Bc8 Ne5 35. Rxd7+ Nxd7 36. Bxd7 1-0

[Event "*** SCC Grand Prix: Titled Tuesday Blitz"]
[Site "Chess.com"]
[Date "2020.06.23"]
[Round "7"]
[White "Shubinkirill2003"]
[Black "enzovsky"]
[Result "0-1"]
[WhiteElo "2616"]
[BlackElo "2369"]
[TimeControl "180+1"]
[EndTime "11:17:22 PDT"]
[Termination "enzovsky won by checkmate"]

1. e4 c5 2. Nf3 d6 3. d4 cxd4 4. Qxd4 Nc6 5. Bb5 Bd7 6. Qd3 Nf6 7. c4 g6 8. Nc3 Bg7 9. h3 O-O 10. O-O Rc8 11. Be3 a6 12. Bxc6 Bxc6 13. Nd4 Bd7 14. Rac1 Qa5 15. f3 Rfe8 16. Rfe1 h5 17. b3 h4 18. Bf2 b5 19. cxb5 axb5 20. Ndxb5 Bh6 21. Ra1 Nh5 22. a4 Nf4 23. Qd4 Bg7 24. Qd2 Nxh3+ 25.
gxh3 Bxb5 26. axb5 Qxc3 27. Qe2 Qe5 28. Rab1 d5 29.
exd5 Qxd5 30. b6 Rc3 31. Qe4 Qd2 32. Re2 Qd6 33. b7 Rb8 34. Qxe7 Qd5 35. Qe8+ Rxe8 36.
Rxe8+ Kh7 37. b8=Q Qg5+ 38. Kf1 Rxf3 39. Qh2 Qf5 40.
Rbe1 Rxh3 41. Qg2 Bd4 42. R8e2 Rf3 43. b4 h3 44. Qh2 g5 45. b5 g4 46. Kg1 Bxf2+ 47.
Rxf2 g3 48. Qxh3+ Qxh3 49. Rxf3 Qh2+ 50. Kf1 g2+ 51. Kf2 g1=Q# 0-1

[Event "*** SCC Grand Prix: Titled Tuesday Blitz"]
[Site "Chess.com"]
[Date "2020.06.23"]
[Round "7"]
[White "SARGISMV"]
[Black "annamaja"]
[Result "0-1"]
[WhiteElo "2432"]
[BlackElo "2249"]
[TimeControl "180+1"]
[EndTime "11:17:22 PDT"]
[Termination "annamaja won by resignation"]

1. Nf3 Nf6 2. c4 c6 3. Nc3 d5 4.
e3 Bg4 5. Qb3 Qb6 6. Qxb6 axb6 7. Ne5 Be6 8. d4 Nbd7 9. Nxd7 Kxd7 10. cxd5 Nxd5 11. Bd2 Nxc3 12. bxc3 Rxa2 13. Rxa2 Bxa2 14. c4 e6 15. Bd3 Bb3 16. Ke2 Ba4 17. Rb1 Kc7 18.
e4 Bd6 19. h4 c5 20. e5 Be7 21. d5 Bxh4 22. d6+ Kd7 23. Rxb6 Bc6 24. g3 Bd8 25. Rb1 h5 26. Be3 b6 27. Ra1 Bb7 28.
Ra7 Kc8 29. Ra1 h4 30. gxh4 Rxh4 31. Rg1 g6 32. Rg3 Rh5 33. f4 Rh2+ 34. Kd1 Bh4 35. Rg1 Ra2 36. Rg4 Bf3+ 37. Be2 Bxe2+ 0-1

[Event "*** SCC Grand Prix: Titled Tuesday Blitz"]
[Site "Chess.com"]
[Date "2020.06.23"]
[Round "7"]
[White "zurzan"]
[Black "politeplayer"]
[Result "0-1"]
[WhiteElo "1929"]
[BlackElo "2169"]
[TimeControl "180+1"]
[EndTime "11:17:23 PDT"]
[Termination "politeplayer won on time"]

1. f4 e5 2. fxe5 Nc6 3. Nf3 g5 4. d4 g4 5. Ng5 d5 6. e4 h6 7.
Nxf7 Kxf7 8. Nc3 Bb4 9. Bd3 dxe4 10. O-O+ Kg7 11. Nxe4 Qxd4+ 12. Kh1 Qxe5 13. c3 Bd6 14. Bf4 Qe7 15. Nxd6 cxd6 16. Bc4 Nf6 17. Bxd6 Qd8 18. Qd3 Re8 19. Rad1 Be6 20. Bxe6 Rxe6 21. c4 Qb6 22. c5 Qa6 23. Qf5 Rae8 24. h3 Qe2 25. Rde1 Qxe1 26. Rxe1 Rxe1+ 27. Kh2 gxh3 28. gxh3 R8e2+ 29. Kg3 Rg1+ 30. Kh4 Re4+ 31. Bf4 Ne7 0-1

[Event "*** SCC Grand Prix: Titled Tuesday Blitz"]
[Site "Chess.com"]
[Date "2020.06.23"]
[Round "7"]
[White "Escanor89"]
[Black "LuckIsMySkill"]
[Result "0-1"]
[WhiteElo "2561"]
[BlackElo "2721"]
[TimeControl "180+1"]
[EndTime "11:17:24 PDT"]
[Termination "LuckIsMySkill won by resignation"]

1. c4 g6 2. Nc3 Bg7 3. g3 e6 4. Bg2 Ne7 5. e4 O-O 6. Nge2 d5 7. exd5 exd5 8. cxd5 Nd7 9. O-O Nf6 10. Qb3 a5 11. a4 Ra6 12. d4 Rb6 13. Qa2 Bf5 14. Bf4 Bd3 15. Rfe1 Rb4 16. Rac1 Bc4 17. Qa3 Nfxd5 18. Nxd5 Nxd5 19. Be5 Bxe2 20. Rxe2 c6 21. Rce1 Re8 22. Bxg7 Rxe2 23. Rxe2 Kxg7 24. Rd2 Ne7 25. Qc3 Nd5 26. Qc2 h5 27. h4 Nf6 28. b3 Rxd4 29. Rxd4 Qxd4 30.
Bf3 Nd7 31. Kg2 Ne5 32. Be2 b5 33. axb5 cxb5 34. Kg1 a4 35. Bxb5 Nf3+ 36. Kh1 Qa1+ 0-1

[Event "*** SCC Grand Prix: Titled Tuesday Blitz"]
[Site "Chess.com"]
[Date "2020.06.23"]
[Round "7"]
[White "GM_dmitrij"]
[Black "youngKID"]
[Result "1-0"]
[WhiteElo "2907"]
[BlackElo "2756"]
[TimeControl "180+1"]
[EndTime "11:17:25 PDT"]
[Termination "GM_dmitrij won on time"]

1. e4 c5 2. Nf3 Nc6 3. Bb5 g6 4. O-O Bg7 5. c3 Nf6 6. Re1 O-O 7. d4 cxd4 8. cxd4 d6 9. h3 a6 10. Bf1 b5 11. a4 bxa4 12. Nc3 Bb7 13. Qxa4 a5 14.
Bg5 h6 15. Bh4 Nb4 16. d5 Nd7 17. Qd1 Nc5 18. Rc1 a4 19. Nd4 Ba6 20. Nc6 Nxc6 21. dxc6 Bxf1 22. Kxf1 g5 23. Bg3 Qc8 24. Nd5 Re8 25.
c7 Bxb2 26. Rc2 Bg7 27. Kg1 Ra6 28. Qe2 Ra7 29. Qb5 e6 30. Nb6 Rb7 31. Nxc8 Rxb5 32. Nxd6 1-0

[Event "*** SCC Grand Prix: Titled Tuesday Blitz"]
[Site "Chess.com"]
[Date "2020.06.23"]
[Round "7"]
[White "reutik"]
[Black "grandcoach"]
[Result "1-0"]
[WhiteElo "2426"]
[BlackElo "2107"]
[TimeControl "180+1"]
[EndTime "11:17:27 PDT"]
[Termination "reutik won by resignation"]

1. d4 Nf6 2. c4 e6 3. Nf3 d5 4. Nc3 c5 5. cxd5 Nxd5 6. e4 Nxc3 7. bxc3 cxd4 8. cxd4 Nc6 9. a3 Be7 10. Be2 b6 11. O-O Bb7 12. Be3 O-O 13. Bd3 Rc8 14. Qe2 Na5 15. Rfd1 Rc3 16. a4 Bf6 17. Bd2 Rc7 18.
Bxa5 bxa5 19. Bb5 Qa8 20. e5 Be7 21. Rac1 Rfc8 22. Rxc7 Rxc7 23. Ne1 Bb4 24. f3 a6 25.
Bd3 Bc6 26. Rc1 Rd7 27. Bxa6 Rxd4 28. Nc2 Rd2 29. Qe3 Qxa6 30. Nxb4 axb4 31. Qxd2 h6 32.
Qxb4 Bxa4 33. Ra1 Qb5 34. Qxa4 1-0

[Event "*** SCC Grand Prix: Titled Tuesday Blitz"]
[Site "Chess.com"]
[Date "2020.06.23"]
[Round "7"]
[White "Orest_Vovk"]
[Black "doons21"]
[Result "1-0"]
[WhiteElo "2407"]
[BlackElo "2537"]
[TimeControl "180+1"]
[EndTime "11:17:29 PDT"]
[Termination "Orest_Vovk won by resignation"]

1. h4 e5 2. h5 d5 3. h6 Nxh6 4. d4 Nc6 5. Bxh6 gxh6 6. dxe5 Nxe5 7. Nf3 Nxf3+ 8. gxf3 Bg7 9. c3 Bf5 10. Qa4+ Qd7 11. Qxd7+ Kxd7 12. Bh3 Bxh3 13. Rxh3 Rae8 14. e3 Re6 15. Nd2 c6 16. O-O-O Kc7 17. f4 Rg6 18. Nf3 Re8 19. Nh4 Rf6 20. Rg1 Bh8 21. Rhg3 Rfe6 22.
Rg8 Bf6 23. Nf5 c5 24. Rxe8 Rxe8 25. Nxh6 d4 26. cxd4 cxd4 27. Kd2 dxe3+ 28. fxe3 Bxb2 29. Nxf7 Re7 30. Nh6 Ba3 31. Rg5 b6 32. Nf5 Rd7+ 33. Ke2 Bc5 34. e4 h6 35. Nxh6 Rd4 36. Kf3 Rd3+ 37. Kg4 Rd2 38. e5 Rxa2 39. f5 Rg2+ 40. Kh5 Rh2+ 41. Kg6 Be3 42. Rh5 Rg2+ 43. Kf7 b5 44. e6 Bc5 45. f6 b4 46. Rxc5+ Kd6 47. Rb5 1-0

[Event "*** SCC Grand Prix: Titled Tuesday Blitz"]
[Site "Chess.com"]
[Date "2020.06.23"]
[Round "7"]
[White "chenxiaoyuer"]
[Black "shnitez"]
[Result "0-1"]
[WhiteElo "2373"]
[BlackElo "2518"]
[TimeControl "180+1"]
[EndTime "11:17:29 PDT"]
[Termination "shnitez won on time"]

1. e4 c5 2. Nf3 e6 3. d4 cxd4 4. Nxd4 a6 5. Nc3 b5 6. Bd3 Qb6 7. Nb3 Qc7 8. O-O d6 9. f4 Nd7 10. Qf3 Bb7 11. Bd2 Ngf6 12. Rae1 g6 13. a4 bxa4 14.
Nxa4 Bg7 15. Na5 O-O 16. c4 Nc5 17. Nxc5 dxc5 18. Bc3 Rab8 19. Nxb7 Rxb7 20. e5 Nd7 21.
Be4 Ra7 22. Ra1 a5 23. Ra3 a4 24. Rfa1 Nb6 25. Qe2 Bh6 26. g3 Rd8 27. b3 Qd7 28. bxa4 Rxa4 29. Rxa4 Nxa4 30. Qe3 Nxc3 31. Qxc3 Qd4+ 32.
Qxd4 Rxd4 33. Bc2 Rxc4 34. Bd3 Rd4 35. Bc2 Rd2 36. Bb3 Rb2 37. Bc4 Rb4 38. Bf1 g5 39. fxg5 Bxg5 40. Ra8+ Kg7 41. Rc8 Re4 0-1

[Event "*** SCC Grand Prix: Titled Tuesday Blitz"]
[Site "Chess.com"]
[Date "2020.06.23"]
[Round "7"]
[White "NMZanette"]
[Black "bazar-wokzal"]
[Result "0-1"]
[WhiteElo "2172"]
[BlackElo "2431"]
[TimeControl "180+1"]
[EndTime "11:17:29 PDT"]
[Termination "bazar-wokzal won by resignation"]

1. e4 Nc6 2. d4 d5 3. e5 h5 4. h4 Bg4 5. Be2 Qd7 6. Nf3 O-O-O 7. c3 f6 8. exf6 gxf6 9. Be3 e5 10. Nbd2 e4 11.
Nh2 Bxe2 12. Qxe2 f5 13. g3 Nf6 14. Bg5 Be7 15. O-O-O Kb8 16. Nhf1 Ng4 17. f4 Qd6 18. Ne3 Bxg5 19. hxg5 Ne7 20. Rh3 Rh7 21. Rdh1 Rdh8 22. Ndf1 c6 23. Nxg4 fxg4 24. R3h2 Nf5 25. Qf2 h4 26.
gxh4 e3 27. Nxe3 Nxe3 28. Qxe3 Re7 29. Qf2 Rf8 30. f5 g3 31. Qd2 gxh2 32. f6 Re4 33. Rxh2 Qg3 34. Rf2 Rxh4 35. f7 Rg4 36. Re2 Re4 37.
Rf2 Rg4 38. Re2 Rxf7 39. Re8+ Kc7 40. g6 Rxg6 0-1

[Event "*** SCC Grand Prix: Titled Tuesday Blitz"]
[Site "Chess.com"]
[Date "2020.06.23"]
[Round "7"]
[White "Sueetin"]
[Black "zala02"]
[Result "1-0"]
[WhiteElo "2354"]
[BlackElo "2180"]
[TimeControl "180+1"]
[EndTime "11:17:29 PDT"]
[Termination "Sueetin won on time"]

1. d4 Nf6 2. c4 e6 3. Nf3 d5 4.
Nc3 Bb4 5. Qa4+ Nc6 6. e3 O-O 7.
Bd2 dxc4 8. Bxc4 Bd6 9. Qc2 e5 10. dxe5 Nxe5 11. Nxe5 Bxe5 12. f4 Bxc3 13. Bxc3 Re8 14.
O-O h6 15. f5 b6 16. Rad1 Qe7 17. e4 Bb7 18. e5 Ng4 19. f6 gxf6 20. Qg6+ Kh8 21. Qxg4 Rg8 22. Qh3 Rxg2+ 23. Qxg2 Bxg2 24. Kxg2 Rg8+ 25. Kh1 Qc5 26. Bxf7 Rg7 27. Bd5 Qe3 28. Bf3 Qg5 29. exf6 Rf7 30. Rd8+ Kh7 31. Be4+ 1-0

[Event "*** SCC Grand Prix: Titled Tuesday Blitz"]
[Site "Chess.com"]
[Date "2020.06.23"]
[Round "7"]
[White "icychess54"]
[Black "metalbattler"]
[Result "1-0"]
[WhiteElo "2313"]
[BlackElo "2094"]
[TimeControl "180+1"]
[EndTime "11:17:29 PDT"]
[Termination "icychess54 won by checkmate"]

1. c4 c6 2. Nf3 d5 3. e3 Nf6 4.
Nc3 Bg4 5. Be2 Nbd7 6. O-O e6 7. b3 Bd6 8. Bb2 O-O 9. d4 Qe7 10. Nd2 Bxe2 11. Qxe2 a5 12. e4 dxe4 13. Ncxe4 Nxe4 14.
Nxe4 Bc7 15. a4 Rad8 16. Ba3 Qh4 17. g3 Qh3 18. Bxf8 Nxf8 19. Rad1 h5 20. Ng5 Qf5 21. h4 Ng6 22. Qxh5 Nf8 23. Qf3 Qg6 24. Qe4 f5 25. Qe2 Bb6 26. c5 Bc7 27. Rfe1 Re8 28. Nf3 Nd7 29. d5 Nxc5 30. d6 Bd8 31. Ne5 Qf6 32.
Qe3 Ne4 33. Nf3 Rf8 34. Nd2 Nxd6 35. Nc4 Nxc4 36. bxc4 Re8 37. Rd7 Be7 38. Rxb7 Bb4 39. Rd1 Qg6 40. Rdd7 c5 41. Qg5 Qxg5 42. hxg5 Bd2 43.
Rxg7+ Kf8 44. Rbf7# 1-0

[Event "*** SCC Grand Prix: Titled Tuesday Blitz"]
[Site "Chess.com"]
[Date "2020.06.23"]
[Round "7"]
[White "bratkoo"]
[Black "gilbert_gm"]
[Result "1-0"]
[WhiteElo "2428"]
[BlackElo "2627"]
[TimeControl "180+1"]
[EndTime "11:17:30 PDT"]
[Termination "bratkoo won by resignation"]

1. e4 g6 2. d4 Bg7 3. Nc3 d6 4. f4 c6 5. Nf3 Bg4 6. Be3 Nd7 7. Bc4 e6 8. O-O d5 9. Be2 Ngf6 10. Ne5 Bxe2 11. Qxe2 Nxe4 12. Nxe4 dxe4 13. Rad1 O-O 14. Bc1 f5 15. c3 Nxe5 16. dxe5 Qc7 17. Rd6 Rfd8 18.
Rxe6 Qf7 19. Rd6 Rxd6 20. exd6 Rd8 21. Rd1 Qe6 22. Qd2 Rd7 23. b3 b6 24. Ba3 Bf8 25.
c4 c5 26. Qc3 Rxd6 27. Rxd6 Qxd6 28. Bb2 Qd4+ 29. Qxd4 cxd4 30. Bxd4 Bc5 31. Bxc5 bxc5 32. Kf2 Kf7 33. Ke3 h6 34. g3 g5 35. h3 a5 36. a3 Kg6 37. g4 h5 38. gxf5+ Kxf5 39. fxg5 Kxg5 40. Kxe4 Kh4 41. b4 cxb4 42. axb4 a4 43.
Kd4 a3 44. Kc3 Kxh3 45. c5 a2 46. Kb2 a1=Q+ 47. Kxa1 Kg3 48. c6 h4 49. c7 h3 50.
c8=Q h2 51. Qc7+ Kg2 52. Qxh2+ 1-0

[Event "*** SCC Grand Prix: Titled Tuesday Blitz"]
[Site "Chess.com"]
[Date "2020.06.23"]
[Round "7"]
[White "AndreyNeves"]
[Black "rynos0411"]
[Result "0-1"]
[WhiteElo "2206"]
[BlackElo "2373"]
[TimeControl "180+1"]
[EndTime "11:17:30 PDT"]
[Termination "rynos0411 won on time"]

1. d4 Nf6 2. c4 e6 3. g3 d5 4. Bg2 Be7 5. Nf3 O-O 6. O-O dxc4 7. Qc2 a6 8. a4 Bd7 9. Ne5 Nc6 10. Nxc6 Bxc6 11.
Bxc6 bxc6 12. Qxc4 Qd5 13. Nd2 Rfd8 14. e3 c5 15. Qxd5 Rxd5 16. Nf3 Rb8 17. Ra2 Ne4 18. Ne5 Rb3 19. f3 Nd6 20. dxc5 Rxc5 21. Ng4 h5 22.
Nf2 Nf5 23. Rd1 Nxe3 24. Bxe3 Rxe3 25. b4 Rd5 26. Rxd5 exd5 27. f4 Bxb4 28. Kg2 d4 29.
Rc2 c5 30. Rc4 d3 31. Ne4 d2 32. Nxd2 Re2+ 33. Kf3 Rxd2 34. Re4 Ra2 35. h3 Ra3+ 0-1

[Event "*** SCC Grand Prix: Titled Tuesday Blitz"]
[Site "Chess.com"]
[Date "2020.06.23"]
[Round "7"]
[White "Squirlolz"]
[Black "KaterynaLagno"]
[Result "0-1"]
[WhiteElo "2511"]
[BlackElo "2674"]
[TimeControl "180+1"]
[EndTime "11:17:31 PDT"]
[Termination "KaterynaLagno won on time"]

1. b3 Nf6 2. Bb2 g6 3. Nf3 Bg7 4. e3 O-O 5. Be2 c5 6. d4 cxd4 7. exd4 d5 8. O-O Ne4 9. Nbd2 Nc6 10. Re1 Bg4 11. h3 Nxd2 12. hxg4 Nxf3+ 13. Bxf3 e6 14. Qd2 h6 15. Rad1 Qc7 16. g3 b5 17. g5 h5 18. Kg2 Ne7 19. g4 Rac8 20. Re2 hxg4 21. Bxg4 Nf5 22. Rh1 Rfe8 23. Qd3 Qf4 24. Qh3 b4 25. Bxf5 exf5 26. Bc1 Qxd4 27. Qh7+ Kf8 28. Rhe1 Qg4+ 29. Kf1 Re4 30. Bd2 a5 31. Be3 d4 32.
Bc1 Rce8 33. Rxe4 Rxe4 34. Rxe4 fxe4 35. Bd2 Qd1+ 36. Be1 d3 37. Qh2 Bc3 38. Qb8+ Kg7 39.
Kg2 Qxe1 0-1